[Event "2nd Late Dr Abul K C Chess-ch B 2022"]
[Site "Dhaka"]
[Date "2022.07.07"]
[Round "8.1"]
[White "Tutul, Dhar"]
[Black "Ahmed, Feroz"]
[Result "1/2-1/2"]
[ECO "B28"]
[WhiteElo "1945"]
[BlackElo "1976"]
[Annotator "TA"]
[PlyCount "91"]
[EventDate "2022.07.03"]
[EventCountry "BAN"]
[SourceTitle "playchess.com"]
[Source "ChessBase"]
[SourceQuality "1"]
[TimeControl "5400+30"]

1. e4 c5 2. Nf3 Nc6 3. d4 cxd4 4. Nxd4 e6 5. c4 a6 (5... Nf6 $11) 6. Nxc6 {[%emt 0:01:56] B28: Sicilian: 2 Nf3 a6 (O'Kelly Variation).} bxc6 7. Be3 Rb8 {[%emt 0:04:41] [#]} 8. Qc2 $146 {[%emt 0:00:38] White is slightly better.} ({Predecessor:} 8. Bd4 Bb4+ 9. Nc3 Nf6 10. Bd3 c5 11. Be3 d5 12. exd5 exd5 13. cxd5 Nxd5 14. Bd2 Nxc3 15. Bxc3 Bxc3+ 16. bxc3 {0-1 (52) Fontoura,R (1999)-Barbosa,E (2352) Nova Resende 2010}) 8... Nf6 9. Be2 d5 10. exd5 cxd5 11. O-O Be7 12. Bf4 $36 {[%emt 0:09:48][%mdl 2048] Black is under pressure.} Ra8 (12... Bd6 13. Bg3 Bxg3 14. hxg3 Qb6) (12... Bd6 $5 13. Bg3 Qb6 $11) 13. Bf3 O-O 14. Nc3 Bb7 15. Rad1 (15. Qb3 $5 Bd6 16. Qxb7 (16. Bxd6 Qxd6 17. Rfd1 Rab8 $11) 16... Bxf4 17. cxd5 $14) 15... Rc8 {[%emt 0:09:16] [#]} (15... Bd6 16. Bxd6 Qxd6) (15... Bd6 $11 16. Bxd6 Qxd6) 16. Qb3 $1 $16 {[%emt 0:01:49][%csl LRb7,LRd5] White is more active.} Qd7 17. cxd5 exd5 18. Nxd5 Bxd5 19. Bxd5 Qf5 20. Bg3 (20. Qf3 $16) 20... h5 (20... Nxd5 $14 21. Rxd5 (21. Qxd5 Qxd5 22. Rxd5 Rc2 $14) 21... Qc2) 21. Bb7 $18 {[%emt 0:01:55][%csl LRa6,LRc8] This bishop pair is nice.} Rb8 (21... Rcd8 $142 22. Rxd8 (22. Bxa6 Rxd1 23. Qxd1 Qe6 $16) 22... Rxd8 23. Bxa6 Ne4) 22. Bxb8 Rxb8 23. Be4 $2 Qe5 $11 24. Qc4 Qxe4 25. Qxe4 Nxe4 26. Rfe1 f5 27. Rd5 $2 (27. f3 $11 {and White stays safe.} Bb4 28. Re2 (28. fxe4 Bxe1 29. Rxe1 Rxb2 $15)) 27... Rxb2 $19 {[%emt 0:08:58] And now ...Bc5 would win.} 28. Rxf5 {[%emt 0:01:31] [#]} Bc5 $1 29. Kf1 (29. Rd1 {was worth a try.}) 29... g6 ({Weaker is} 29... Rxf2+ 30. Rxf2 Nxf2 31. Re5 $14) 30. Rf4 Nxf2 31. Re8+ $2 (31. Re6 {was forced.} Ng4 32. Ke1) 31... Kg7 32. Rc8 Be3 (32... Bb6 $19 {is more deadly.} 33. h3 Nd1) 33. Rff8 $2 (33. Rfc4 $17 {keeps fighting.}) 33... Ng4 ({Wrong is} 33... Rxa2 $2 34. Rg8+ Kh6 35. Rc6 $19) 34. h4 $2 (34. h3 Nh2+ 35. Ke1) 34... Rxa2 35. Rg8+ Kf7 {[%emt 0:00:33] ( -> ...Rf2+)} 36. Rcf8+ Ke7 37. Re8+ Kd7 {[%emt 0:00:54] aiming for ...Bf2.} 38. Rd8+ Ke7 $2 (38... Kc6 $19 39. Rxg6+ Kc5) 39. Rde8+ $11 {[%emt 0:00:08] The position is equal.} Kf6 40. Rgf8+ $1 Kg7 41. Rg8+ Kf7 (41... Kh6 $5 42. Rh8+ Kg7 43. Rhg8+ Kf7 44. Rgf8+ Kg7 45. Rg8+ $11) 42. Rgf8+ Kg7 43. Rg8+ Kf6 (43... Kh6 $5 44. Rh8+ Kg7 45. Rhg8+ $11) 44. Rgf8+ $1 Kg7 45. Rg8+ Kh7 (45... Kh6 $5 46. Rh8+ Kg7 47. Rhg8+ $11) 46. Rh8+ {[%emt 0:01:30] Never resign too early!  Weighted Error Value: White=0.38/Black=0.36} 1/2-1/2

[Event "2nd Late Dr Abul K C Chess-ch B 2022"]
[Site "Dhaka"]
[Date "2022.07.07"]
[Round "8.2"]
[White "Abdul, Momin"]
[Black "Sajidul, Haque"]
[Result "1-0"]
[ECO "B15"]
[WhiteElo "1915"]
[BlackElo "1875"]
[Annotator "TA"]
[PlyCount "103"]
[EventDate "2022.07.03"]
[EventCountry "BAN"]
[SourceTitle "playchess.com"]
[Source "ChessBase"]
[SourceQuality "1"]
[TimeControl "5400+30"]

1. e4 c6 2. d4 d5 3. Nc3 dxe4 4. Nxe4 Nf6 5. Ng3 Bg4 6. f3 {[%emt 0:00:23] B15: Caro-Kann: 3 Nc3: 3...g6 and 3...dxe4 4 Nxe4 Nf6 5 Nxf6+ exf6.} Bd7 7. Bc4 e6 {[%emt 0:00:18] [#]} 8. f4 $146 (8. N1e2 $142) ({Predecessor:} 8. N1e2 Nd5 9. Ne4 Bb4+ 10. c3 Be7 11. Qb3 Bc8 12. O-O O-O 13. a4 Nd7 14. Nf4 {0-1 (74) Wehmeier,S (1771)-Freitag,M (1662) Germany 2009}) 8... Bd6 9. Nf3 c5 10. O-O b5 11. Bd3 Qb6 (11... cxd4 12. Nxd4 Bc5) 12. dxc5 Bxc5+ 13. Kh1 Ng4 $2 (13... O-O) (13... O-O $14) 14. Ne4 (14. f5) 14... Nc6 15. Qe2 (15. Ne5 Ncxe5 16. fxe5) 15... Nb4 16. Ne5 Nxe5 17. fxe5 Nxd3 18. cxd3 (18. Qxd3 Bc6) (18. Qxd3 Bc6 $11) 18... Bc6 19. d4 (19. Qg4) 19... Be7 {[%emt 0:01:08] [#]} 20. Qg4 {[%emt 0:00:13] 0x0.00200d029d49dp-1022s more active pieces. The black rooks are badly placed.} (20. Bg5) (20. Bg5 $1 $16 ) 20... h5 $11 21. Qf4 $132 {[%emt 0:00:59][%mdl 2048] White has counterplay} (21. Qxg7 O-O-O 22. Nf6 (22. Qxf7 Rhf8) 22... Qxd4 23. Qxf7 Qf2) (21. Qxg7 $2 O-O-O 22. Nf6 (22. Qxf7 $2 Rhf8 $19) 22... Qxd4 $19) 21... O-O-O 22. Nd6+ ({But not} 22. Qxf7 $2 Rhf8 23. Be3 (23. Qxe6+ $2 Bd7 $19) 23... Rxf7 $19) 22... Bxd6 23. exd6 Qb7 24. Rf2 {[%emt 0:00:45] Threatening Be3.} h4 25. h3 ({Don't play} 25. Qxf7 Rxd6 26. Bg5 Qd7 $11) 25... Qd7 26. Be3 {[%emt 0:01:48] Strongly threatening d5.} Qxd6 27. Qxd6 Rxd6 28. Rxf7 {[%emt 0:00:16] And now Rc1 would win.} Rd7 29. Raf1 Rhd8 30. b4 a6 31. Kg1 g6 (31... Rxf7 $11 32. Rxf7 Rd7 33. Rf8+ Kb7) 32. a3 (32. R7f6 $14) 32... Rg8 (32... Rxf7 $11 {might be stronger.} 33. Rxf7 Rd6) 33. Rf8+ $14 Rxf8 34. Rxf8+ {[%emt 0:00:01][%mdl 4096] Endgame KRB-KRB} Kb7 35. Rf6 Rg7 {[%emt 0:01:01] White stays focused until the end.} 36. Bg5 Bd5 37. Bxh4 Kc6 38. Rf8 Be4 39. Bf6 Rh7 40. h4 Rh5 $2 {[%emt 0:01:17] [#]} (40... Ra7 $16) 41. g4 $1 $18 Rh7 42. Kf2 {[%emt 0:00:06] Prevents Bf3.} Ra7 43. Ke3 Bb1 44. Kf4 a5 45. Ke5 {[%emt 0:00:31] Rc8+ is the strong threat.} axb4 46. axb4 Ra2 $2 (46... Ra3 47. Kxe6 Re3+ 48. Be5 Ba2+ 49. Ke7 Kd5 50. Rd8+ Kc4) 47. Kxe6 {[%emt 0:00:37] aiming for d5+. White is clearly winning.} Re2+ 48. Be5 {[%emt 0:00:10] Hoping for d5+.} Ba2+ 49. Ke7 Kd5 50. Rc8 {[%emt 0:01:45] Black must now prevent h5.} Bc4 (50... Rg2 $142 51. h5 gxh5 52. gxh5 Rg1 53. Rc5+ Ke4) 51. Kf6 Bd3 52. Rc5+ {[%emt 0:00:01] Weighted Error Value: White=0.18 (very precise) /Black=0.33} 1-0

[Event "2nd Late Dr Abul K C Chess-ch B 2022"]
[Site "Dhaka"]
[Date "2022.07.07"]
[Round "8.3"]
[White "Hasan, Sk. Rashedul"]
[Black "Sakline Mostafa, Sajid"]
[Result "0-1"]
[ECO "B10"]
[WhiteElo "1856"]
[BlackElo "1979"]
[Annotator "TA"]
[PlyCount "134"]
[EventDate "2022.07.03"]
[EventCountry "BAN"]
[SourceTitle "playchess.com"]
[Source "ChessBase"]
[SourceQuality "1"]
[TimeControl "5400+30"]

1. e4 c6 2. d3 d5 3. Nd2 g6 4. Ngf3 Bg4 5. Be2 Bg7 6. c3 {[%emt 0:00:15] B10: Caro-Kann: 2 d3 and 2 c4.} e6 7. Qc2 Ne7 8. O-O {[%emt 0:00:30] White is slightly better.} O-O {[%emt 0:00:07] [#]} 9. h3 $146 ({Predecessor:} 9. Rd1 Nd7 10. Nf1 h6 11. Ne3 Bxf3 12. Bxf3 Kh7 13. g3 b5 14. Qe2 Qb6 15. Nc2 {1-0 (51) Jimenez,B-Couche,J Val Thorens 1995}) 9... Bxf3 10. Nxf3 Qc7 11. a4 a5 12. Re1 Nd7 13. Bf1 e5 14. Bg5 Rae8 15. b4 h6 16. Be3 f5 17. Rab1 Ra8 18. Qb3 Rfb8 19. b5 Qd6 20. exd5 cxd5 21. c4 (21. Bc1 $5 ) 21... Kh7 22. Bc1 Nc5 23. Ba3 Rd8 24. Bxc5 Qxc5 25. Nxe5 Ng8 (25... Rac8 $16 {was called for.}) 26. Nf3 (26. d4 $18 dxc4 27. dxc5 cxb3 28. c6 (28. Rxb3 Rd5 $18) 28... Bxe5 29. Rxe5 (29. cxb7 Rab8 $18)) 26... Rac8 27. Re6 Nf6 28. d4 (28. Rc1 $1 $16) 28... dxc4 $11 29. dxc5 cxb3 30. c6 bxc6 31. bxc6 Ne4 32. Bb5 (32. Rxb3 $2 Nc5 33. Rbe3 Nxe6 34. Rxe6 Rd1 $19) (32. Re7 $5 Rxc6 33. Rxb3 $11) 32... Rc7 {[%emt 0:00:56] Inhibits Re7.} 33. Rxb3 Nc5 34. Rbe3 Nxe6 35. Rxe6 Rf8 36. Nd2 Rf6 37. Rxf6 Bxf6 {[%emt 0:00:00][%mdl 4096] Endgame KRB-KBN} 38. Nb3 Ra7 (38... Bc3 $15) 39. Nc5 (39. Nxa5 $1 $11 Re7 40. g3) 39... Bd8 (39... Re7 $1 $17 40. Kf1 (40. Nd7 Re1+ 41. Kh2 Bd4 $17) 40... Bc3) 40. Nb7 (40. Ne6 $11 {keeps the balance.} Bb6 41. h4) 40... Bc7 41. Kf1 Ra8 ({Black should try} 41... Kg7 $17 42. Ke2 Kf6) 42. Nc5 $1 Re8 43. Na6 Re7 44. Nxc7 Rxc7 {[%emt 0:00:00] KR-KB} 45. Ke2 Kg7 {[%emt 0:00:02] Threatens to win with ...Kf6.} 46. Kd3 Kf6 {[%emt 0:00:05] And now ...Ke5 would win.} 47. Kd4 Ke6 {[%emt 0:00:47] ...Kd6 is the strong threat.} 48. Kc5 Ke5 $2 (48... g5 $1 $11 {and Black has nothing to worry.}) 49. Bc4 $1 $18 g5 50. g3 $2 ({Only move:} 50. g4 $1 $18 ) 50... Re7 $2 (50... g4 $11) 51. f4+ $1 gxf4 52. gxf4+ Kxf4 53. Kd6 Re8 {[%emt 0:00:36] [#]} 54. c7 $2 ({White must play} 54. Be6 $1 $18 {Threatening mate with c7.} Kg5 55. c7) 54... Kg3 $1 $14 55. Be6 f4 56. c8=Q Rxc8 57. Bxc8 $11 {[%emt 0:00:00] KB-K3P} f3 58. Kc5 $2 {[%emt 0:00:00][%mdl 8192] [#]} (58. Ba6 $11 Kxh3 59. Ke5) 58... f2 $1 59. Ba6 Kxh3 {[%emt 0:00:02] ( -> ...h5)} 60. Kb6 Kg3 {[%emt 0:00:31] Black mates.} 61. Kxa5 {[%emt 0:00:00] KB-KPP} h5 62. Bf1 h4 63. Kb6 h3 64. Bxh3 Kxh3 65. a5 f1=Q 66. Ka7 Qb5 67. a6 Kg4 {[%emt 0:00:21] Weighted Error Value: White=0.61/Black=0.46} 0-1

[Event "2nd Late Dr Abul K C Chess-ch B 2022"]
[Site "Dhaka"]
[Date "2022.07.07"]
[Round "8.4"]
[White "Nurul, Islam Emon"]
[Black "Dewan, Riad"]
[Result "0-1"]
[ECO "D30"]
[WhiteElo "1805"]
[BlackElo "1970"]
[Annotator "TA"]
[PlyCount "29"]
[EventDate "2022.07.03"]
[EventCountry "BAN"]
[SourceTitle "playchess.com"]
[Source "ChessBase"]
[SourceQuality "1"]
[TimeControl "5400+30"]

1. d4 d5 2. Nf3 Nf6 3. c4 e6 4. Bg5 Nbd7 5. Qc2 Be7 (5... dxc4 6. Qxc4 c5) (5... dxc4 {is more appropriate.} 6. Qxc4 c5) 6. Nbd2 {[%emt 0:01:09] D30: Queen's Gambit Declined: Systems without Nc3.} O-O 7. e3 h6 {[%emt 0:02:33] [#]} 8. h4 $146 {[%emt 0:01:35][%cal Oa1c1] The position is equal.} ({Predecessor:} 8. Bh4 c5 9. dxc5 Nxc5 10. Be2 b6 11. O-O Bb7 12. Rac1 Nfe4 13. Bxe7 Qxe7 14. b4 Nxd2 15. Nxd2 {1-0 (54) Krysa,L (2531)-Schmakel,S (2435) Chess.com INT 2020}) 8... b6 (8... hxg5 9. hxg5 g6 10. gxf6 Bxf6 11. Bd3) (8... hxg5 9. hxg5 g6 10. gxf6 Bxf6 11. O-O-O $16) 9. Bf4 (9. cxd5 $11 exd5 10. Qc6) 9... Bb7 $17 10. Bd3 c5 11. Ng5 $2 cxd4 $19 {[%emt 0:03:28] [#] Strongly threatening ...e5.} (11... hxg5 12. hxg5 Re8 13. cxd5 (13. gxf6 Nxf6 14. cxd5 exd5 15. Nf3 cxd4) 13... exd5 14. Bh7+ Kf8 15. gxf6 Nxf6 16. Bd3) ({Not} 11... hxg5 12. hxg5 Re8 13. cxd5 (13. gxf6 Bxf6 14. Bd6 g6 $14) 13... exd5 14. Bh7+ (14. gxf6 Nxf6 15. Bh7+ Kf8 $16) 14... Kf8 15. gxf6 Nxf6 16. Bd3 $16) 12. exd4 Rc8 (12... hxg5 13. hxg5 Re8 14. gxf6 Bxf6 15. Bd6) ({Less strong is} 12... hxg5 13. hxg5 Re8 14. gxf6 Bxf6 15. O-O-O $11) 13. Rh3 (13. Rd1 {was called for.}) 13... dxc4 (13... hxg5 14. hxg5 Re8 15. O-O-O) ({Worse is} 13... hxg5 14. hxg5 Re8 15. O-O-O $11) 14. Bh7+ Kh8 15. O-O-O $2 {[%emt 0:00:00] White got outplayed after the opening.  Weighted Error Value: White=0.62/Black=0.13 (very precise)} (15. Kf1) (15. Kf1) 0-1

[Event "2nd Late Dr Abul K C Chess-ch B 2022"]
[Site "Dhaka"]
[Date "2022.07.08"]
[Round "9.1"]
[White "Abdul, Momin"]
[Black "Tutul, Dhar"]
[Result "1/2-1/2"]
[ECO "C02"]
[WhiteElo "1915"]
[BlackElo "1945"]
[Annotator "RC"]
[PlyCount "79"]
[EventDate "2022.07.03"]
[EventCountry "BAN"]
[SourceTitle "playchess.com"]
[Source "ChessBase"]
[SourceQuality "1"]
[TimeControl "5400+30"]

1. e4 e6 2. d4 d5 3. e5 c5 4. c3 Nc6 5. Nf3 Bd7 6. a3 a6 7. Be2 Nge7 8. O-O Nf5 9. Bd3 cxd4 10. Bxf5 exf5 11. cxd4 Be7 12. Nc3 Be6 13. Na4 O-O 14. b4 h6 15. Bb2 Rc8 16. Nc5 Qb6 17. Rb1 Qa7 18. Qd3 Nb8 19. Rbc1 Nd7 20. Rc2 b6 21. Nxe6 fxe6 22. Rfc1 Qb7 23. Rc3 b5 24. Qc2 Rc4 25. Nd2 Rxc3 26. Qxc3 Nb6 27. Qc6 Qxc6 28. Rxc6 Na4 29. Bc1 Kf7 30. Nb3 Ra8 31. Kf1 Ra7 32. Ke2 Bd8 33. Nc5 Nxc5 34. dxc5 Bc7 35. f4 Ke7 36. h4 Kd7 37. Rd6+ Bxd6 38. exd6 a5 39. Bd2 axb4 40. Bxb4 1/2-1/2

[Event "2nd Late Dr Abul K C Chess-ch B 2022"]
[Site "Dhaka"]
[Date "2022.07.08"]
[Round "9.2"]
[White "Sakline Mostafa, Sajid"]
[Black "Rahman, Saimon Siddiqur"]
[Result "1/2-1/2"]
[ECO "D12"]
[WhiteElo "1979"]
[BlackElo "1983"]
[Annotator "RC"]
[PlyCount "106"]
[EventDate "2022.07.03"]
[EventCountry "BAN"]
[SourceTitle "playchess.com"]
[Source "ChessBase"]
[SourceQuality "1"]
[TimeControl "5400+30"]

1. d4 d5 2. c4 c6 3. Nc3 Nf6 4. e3 Bf5 5. Qb3 Qb6 6. Nf3 e6 7. Qxb6 axb6 8. Nh4 Bg6 9. Nxg6 hxg6 10. h3 Bb4 11. Bd2 Nbd7 12. cxd5 exd5 13. Be2 b5 14. O-O Nb6 15. a3 Bd6 16. f3 O-O 17. e4 b4 18. axb4 Bxb4 19. e5 Nfd7 20. f4 Nc4 21. Bxc4 dxc4 22. g4 Bxc3 23. bxc3 b5 24. f5 gxf5 25. gxf5 Nb6 26. f6 Rxa1 27. Rxa1 Ra8 28. Rf1 Ra2 29. Rf2 gxf6 30. exf6 Nd5 31. h4 Rc2 32. Be1 Rc1 33. Kf1 Nxc3 34. Rg2+ Kf8 35. h5 Nd5 36. h6 Nxf6 37. Rg3 c3 38. Rxc3 Rxc3 39. Bxc3 Nd5 40. Bd2 Kg8 41. Ke2 Kh7 42. Kd3 f5 43. Ke2 Kg6 44. Kf3 b4 45. Ke2 f4 46. Kf3 Kxh6 47. Bxb4 Nxb4 48. Kxf4 Kg6 49. Ke5 Kf7 50. Kd6 Kg6 51. Ke5 Kh6 52. Kf4 Kg6 53. Ke4 Kg5 1/2-1/2

[Event "2nd Late Dr Abul K C Chess-ch B 2022"]
[Site "Dhaka"]
[Date "2022.07.08"]
[Round "9.3"]
[White "Ahmed, Feroz"]
[Black "Abdullah Al, Raison"]
[Result "1-0"]
[ECO "A20"]
[WhiteElo "1976"]
[BlackElo "1888"]
[Annotator "RC"]
[PlyCount "69"]
[EventDate "2022.07.03"]
[EventCountry "BAN"]
[SourceTitle "playchess.com"]
[Source "ChessBase"]
[SourceQuality "1"]
[TimeControl "5400+30"]

1. c4 e5 2. Nf3 e4 3. Nd4 Nc6 4. Nc2 d5 5. cxd5 Qxd5 6. Nc3 Qe5 7. d4 exd3 8. Qxd3 Nf6 9. e4 Nb4 10. Qe2 Bc5 11. f4 Qe7 12. e5 Ng4 13. Nxb4 Bxb4 14. Bd2 Qc5 15. h3 Nh6 16. Rc1 Qe7 17. Nd5 Bxd2+ 18. Qxd2 Qh4+ 19. Qf2 Qxf2+ 20. Kxf2 O-O 21. Nxc7 Rb8 22. Bc4 Nf5 23. g4 Nd4 24. Rhd1 Nc6 25. a3 h5 26. Kg3 hxg4 27. hxg4 g5 28. Rd6 Kg7 29. Rh1 gxf4+ 30. Kxf4 Rd8 31. Rxd8 Nxd8 32. Ne8+ Kf8 33. Nf6 Be6 34. Rh8+ Ke7 35. Re8# 1-0

[Event "2nd Late Dr Abul K C Chess-ch B 2022"]
[Site "Dhaka"]
[Date "2022.07.08"]
[Round "9.4"]
[White "Dewan, Riad"]
[Black "Mahin, Ahmed Shuvo"]
[Result "1-0"]
[ECO "E05"]
[WhiteElo "1970"]
[BlackElo "1807"]
[Annotator "RC"]
[PlyCount "51"]
[EventDate "2022.07.03"]
[EventCountry "BAN"]
[SourceTitle "playchess.com"]
[Source "ChessBase"]
[SourceQuality "1"]
[TimeControl "5400+30"]

1. d4 Nf6 2. Nf3 d5 3. c4 e6 4. g3 Be7 5. Bg2 O-O 6. O-O dxc4 7. Nbd2 b5 8. a4 c6 9. Ne5 Nd5 10. Ne4 Bb7 11. Bf4 Nd7 12. Nxd7 Qxd7 13. Nc5 Qc8 14. Qd2 a6 15. Bg5 Qc7 16. Bxe7 Qxe7 17. e4 Nf6 18. e5 Nd7 19. Nxb7 Nxe5 20. dxe5 Qxb7 21. axb5 Qxb5 22. Qc3 Rab8 23. Rfc1 Rfd8 24. Rd1 Rd5 25. Bxd5 cxd5 26. Rd2 1-0